 Dungeon Crawl Stone Soup version 0.19.1 (webtiles) character file.

404 Kikal the Chiller (level 6, -8/36 HPs)
             Began as an Octopode Ice Elementalist on Dec 2, 2016.
             Was a Follower of Sif Muna.
             Killed from afar by an orc wizard (10 damage)
             ... with a magic dart
             ... on level 4 of the Dungeon.
             The game lasted 00:19:34 (3929 turns).

Kikal the Chiller (Octopode Ice Elementalist)       Turns: 3929, Time: 00:19:35

Health: -8/36      AC:  1    Str:  7    XL:     6   Next: 86%
Magic:  4/12       EV: 13    Int: 20    God:    Sif Muna [*.....]
Gold:   163        SH:  0    Dex: 12    Spells: 4 memorised, 6 levels left

rFire  . . .     SeeInvis .     h - +0 short sword
rCold  . . .     Gourm    .     (no shield)
rNeg   . . .     Faith    .     (helmet restricted)
rPois  .         Spirit   .     (no amulet)
rElec  .         Reflect  .     (no ring)
rCorr  .         Harm     .     (no ring)
MR     .....                    (no ring)
Stlth  +++.......               (no ring)
                                (no ring)
                                (no ring)
                                (no ring)
                                (no ring)

@: hasted, very quick
A: almost no armour, stealthy swim, amphibious, 8 rings, constrict 8, camouflage
1, gelatinous body 1
a: Divine Energy, Renounce Religion


You were on level 4 of the Dungeon.
You worshipped Sif Muna.
Sif Muna was aware of your devotion.
You were not hungry.

You visited 1 branch of the dungeon, and saw 4 of its levels.
You also visited: Sewer.

You collected 163 gold pieces.

Inventory:

Hand Weapons
 h - a +0 short sword (weapon)
Missiles
 d - 97 stones (quivered)
 v - 3 tomahawks
Scrolls
 c - 2 scrolls of enchant armour {unknown}
 f - a scroll of random uselessness {unknown}
 i - a scroll of remove curse {unknown}
 l - a scroll of noise {unknown}
 m - a scroll of brand weapon {unknown}
 q - 3 scrolls of magic mapping {unknown}
 r - 2 scrolls of fog {unknown}
Potions
 e - 2 potions of curing {unknown}
 g - a potion of mutation {unknown}
 j - a potion of cure mutation {unknown}
 k - a potion of haste
 n - a potion of heal wounds {unknown}
 p - a potion of might {unknown}
Books
 a - a book of Frost

   Spells                             Type                      Level
   a - Freeze                         Ice                          1
   b - Throw Frost                    Conjuration/Ice              2
   c - Ozocubu's Armour               Charms/Ice                   3
   d - Throw Icicle                   Conjuration/Ice              4
   e - Summon Ice Beast               Ice/Summoning                4
Comestibles
 b - 3 bread rations
 o - 2 meat rations
 s - 5 fruits
 t - a beef jerky


   Skills:
 - Level 2.0 Dodging
 - Level 2.8 Stealth
 - Level 4.1 Spellcasting
 + Level 3.2 Conjurations
 + Level 5.3 Ice Magic


You had 6 spell levels left.
You knew the following spells:

 Your Spells              Type           Power        Failure   Level  Hunger
a - Freeze                Ice            ####         1%          1    None
b - Throw Frost           Conj/Ice       ###...       3%          2    #......
c - Ozocubu's Armour      Chrm/Ice       ##......     14%         3    ###....
d - Apportation           Tloc           #.........   14%         1    None


Dungeon Overview and Level Annotations

Branches:
Dungeon (4/15)
 Temple: D:4-7

Altars:
Ashenzari
Cheibriados
Elyvilon
Gozag
Kikubaaqudgha
Okawaru
Sif Muna
Vehumet


Innate Abilities, Weirdness & Mutations

You cannot wear most types of armour.
You are very stealthy in the water. (Stealth+)
You are amphibious.
You can wear up to eight rings at the same time.
You can use your tentacles to constrict eight enemies at once.
Your skin changes colour to match your surroundings (Stealth+).
Your rubbery body absorbs attacks. (AC +1, EV +1)


Message History

The orc wizard casts a spell at you. The magic dart hits you!
* * * LOW HITPOINT WARNING * * *
You take 6 damage, and have 8/36 hp.
You hit the orc wizard but do no damage.
The orc wizard is almost dead.
You constrict the orc wizard.
You kill the orc wizard!
Sif Muna accepts your kill.
The orc wizard mumbles some strange words.
The orc wizard blinks!
The orc wizard gestures at you while chanting.
The magic dart hits you!
* * * LOW HITPOINT WARNING * * *
You take 6 damage, and have 2/36 hp.
Unknown command.
It was a potion of haste.
You feel yourself speed up.
The orc wizard points at you and mumbles some strange words.
The magic dart hits you!
You die...

......# ##.# #.# ####..###
#.# #.......# #.#
#.......## #.#
#.########.##........
#.......<........####
##########.#.#.#.#
#.##..#.# #...@...#
#####.### #.# #### #.# ..#
#)# ##### #.# #.# ##...##
#####.####.#########.###.#
#...#.....o..#.......# #.#
#.#...............##.###.#


You could see an orc wizard.

Vanquished Creatures
  An ogre (D:4)
  A big kobold (Sewer)
  3 orc priests (D:4)
  2 orc wizards (D:4)
  Ijyb (D:3)
  An ooze (D:4)
  4 dart slugs
  3 leopard geckos
  7 orcs
  7 bats
  3 giant cockroaches
  7 goblins
  7 hobgoblins
  3 jackals (D:1)
  A quokka (D:2)
  A ball python (D:1)
  4 frilled lizards
  8 kobolds
  2 leopard gecko skeletons (D:4)
  6 rats
72 creatures vanquished.

Notes
Turn   | Place    | Note
-------+----------+-------------------------------------------
     0 | D:1      | Kikal the Octopode Ice Elementalist began the quest for the Orb.
     0 | D:1      | Reached XP level 1. HP: 11/11 MP: 3/3
   313 | D:1      | Reached XP level 2. HP: 17/17 MP: 0/5
   416 | D:1      | Learned a level 2 spell: Throw Frost
   766 | D:1      | Reached skill level 4 in Ice Magic
   769 | D:1      | Reached XP level 3. HP: 19/21 MP: 3/6
  1230 | D:2      | Learned a level 3 spell: Ozocubu's Armour
  1608 | D:2      | Found a faded altar of an unknown god.
  1691 | D:3      | Noticed Ijyb
  1703 | D:3      | Killed Ijyb
  1703 | D:3      | Reached XP level 4. HP: 14/27 MP: 0/7
  1820 | D:3      | Found a glowing drain.
  1827 | Sewer    | Entered a sewer
  1848 | Sewer    | Noticed Purgy
  1853 | Sewer    | Noticed a big kobold
  1858 | Sewer    | Killed a big kobold
  1858 | Sewer    | Reached XP level 5. HP: 21/31 MP: 8/8
  2319 | D:3      | Reached skill level 5 in Ice Magic
  2348 | D:3      | Found an opulent altar of Gozag.
  2390 | D:3      | Found an iron altar of Okawaru.
  2678 | D:3      | Found a deep blue altar of Sif Muna.
  2678 | D:3      | Found an ancient bone altar of Kikubaaqudgha.
  2681 | D:3      | Found a radiant altar of Vehumet.
  2690 | D:3      | Identified Vehumet's Almanac of Sharkskin
  2703 | D:3      | Became a worshipper of Sif Muna the Loreminder
  2777 | D:3      | Found a white marble altar of Elyvilon.
  2794 | D:3      | Found a shattered altar of Ashenzari.
  3045 | D:4      | Noticed an ogre
  3052 | D:4      | Killed an ogre
  3052 | D:4      | Reached XP level 6. HP: 27/36 MP: 0/11
  3670 | D:4      | Found a snail-covered altar of Cheibriados.
  3711 | D:4      | Learned a level 1 spell: Apportation
  3791 | D:4      | Reached * piety under Sif Muna
  3929 | D:4      | Killed from afar by an orc wizard

Skill      XL: |  1  2  3  4  5  6 |
---------------+-------------------+-----
Ice Magic      | 4 5 |  5.3
Conjurations   | 2 3 |  3.2
Spellcasting   | 3 4 |  4.1
Dodging        | |  2.0
Stealth        | |  2.8

Action                   |  1- 3 |  4- 6 || total
-------------------------+-------+-------++-------
Melee: Unarmed           |    20 |       ||    20
       Constrict         |    15 |    10 ||    25
       Tentacles         |     9 |    10 ||    19
       Short sword       |    33 |    57 ||    90
 Cast: Freeze            |    35 |    22 ||    57
       Throw Frost       |       |    17 ||    17
  Use: Potion            |       |     1 ||     1
 Stab: Sleeping          |    10 |     9 ||    19
  Eat: Chunk             |     3 |     3 ||     6
       Bread ration      |       |     1 ||     1
Armor: Skin              |     7 |     5 ||    12
Dodge: Dodged            |    52 |    32 ||    84
